3132 views
Uploaded 2020-04-08 14:47:32
Game version 1.32.3
7:26 long 3on3 ladder game on (6)Monsoon_LV
Saved by BEARAND
3132 views
Uploaded 2020-04-08 14:47:32
Game version 1.32.3
7:26 long 3on3 ladder game on (6)Monsoon_LV


52 units @ 3.9k
/ 0k
65 buildings @ 4.3k
/ 1.7k

| Staff of Teleportation | 1 | 150 |
| total: | 1 | 150g |
| Peasant | 23 | 1725 | / | 0 |
| total: | 23 | 1725g | / | 0w |
| Scout Tower | 17 | 510 | / | 340 |
| Arcane Tower | 1 | 70 | / | 50 |
| Guard Tower | 8 | 560 | / | 400 |
| Altar of Kings | 1 | 180 | / | 50 |
| Farm | 2 | 160 | / | 40 |
| Lumber Mill | 1 | 120 | / | 0 |
| Town Hall | 1 | 385 | / | 205 |
| Arcane Vault | 2 | 260 | / | 60 |
| total: | 24 | 1615g | / | 695w |
| 0:00 | Peasant |
| 0:04 | Altar of Kings |
| 0:15 | Peasant |
| 0:16 | Farm |
| 0:26 | Peasant |
| 0:44 | Scout Tower |
| 0:45 | Peasant |
| 0:50 | Lumber Mill |
| 0:52 | Peasant |
| 0:59 | Scout Tower |
| 1:01 | Peasant |
| 1:12 | Peasant |
| 1:14 | Arcane Tower |
| 1:34 | Peasant |
| 1:40 | Scout Tower |
| 1:45 | Farm |
| 1:53 | Peasant |
| 2:09 | Guard Tower |
| 2:12 | Scout Tower |
| 2:21 | Peasant |
| 2:28 | Blizzard |
| 2:57 | Guard Tower |
| 2:58 | Scout Tower |
| 3:01 | Scout Tower |
| 3:02 | Scout Tower |
| 3:03 | Scout Tower |
| 3:03 | Scout Tower |
| 3:05 | Peasant |
| 3:08 | Peasant |
| 3:20 | Peasant |
| 3:46 | Brilliance Aura |
| 3:54 | Peasant |
| 3:55 | Peasant |
| 4:00 | Guard Tower |
| 4:12 | Peasant |
| 4:22 | Town Hall |
| 4:44 | Staff of Teleportation |
| 5:14 | Arcane Vault |
| 5:46 | Guard Tower |
| 5:47 | Scout Tower |
| 5:48 | Scout Tower |
| 5:49 | Peasant |
| 5:51 | Peasant |
| 5:51 | Peasant |
| 6:00 | Arcane Vault |
| 6:08 | Improved Masonry |
| 6:09 | Peasant |
| 6:15 | Scout Tower |
| 6:16 | Scout Tower |
| 6:19 | Scout Tower |
| 6:19 | Guard Tower |
| 6:42 | Guard Tower |
| 6:43 | Guard Tower |
| 6:46 | Scout Tower |
| 6:47 | Scout Tower |
| 6:47 | Scout Tower |
| 7:09 | Guard Tower |
| 7:18 | Peasant |
| 7:20 | Peasant |
| 7:20 | Peasant |
| Right click | 257 |
| Select | 186 |
| Build/train/purchase | 68 |
| Select group | 31 |
| Misc. action | 20 |
| Assign group | 14 |
| Use ability | 8 |
โ
iggythefisk
(7:25) : 
| Lesser Clarity Potion | 1 | 70 |
| Boots of Speed | 1 | 250 |
| Circlet of Nobility | 1 | 175 |
| Staff of Teleportation | 1 | 150 |
| total: | 4 | 645g |
| Peasant | 15 | 1125 | / | 0 |
| total: | 15 | 1125g | / | 0w |
| Scout Tower | 11 | 330 | / | 220 |
| Arcane Tower | 1 | 70 | / | 50 |
| Guard Tower | 6 | 420 | / | 300 |
| Altar of Kings | 1 | 180 | / | 50 |
| Lumber Mill | 2 | 240 | / | 0 |
| Farm | 2 | 160 | / | 40 |
| Town Hall | 1 | 385 | / | 205 |
| Arcane Vault | 1 | 130 | / | 30 |
| Keep | 1 | 320 | / | 210 |
| total: | 18 | 1425g | / | 545w |
| 0:01 | Peasant |
| 0:03 | Altar of Kings |
| 0:17 | Peasant |
| 0:24 | Lumber Mill |
| 0:27 | Farm |
| 0:28 | Peasant |
| 0:34 | Lumber Mill |
| 0:43 | Scout Tower |
| 0:43 | Peasant |
| 0:52 | Peasant |
| 0:58 | Scout Tower |
| 1:01 | Farm |
| 1:12 | Peasant |
| 1:23 | Peasant |
| 1:33 | Arcane Tower |
| 1:46 | Peasant |
| 1:51 | Scout Tower |
| 1:52 | Peasant |
| 2:05 | Storm Bolt |
| 2:08 | Peasant |
| 2:15 | Peasant |
| 2:17 | Guard Tower |
| 2:31 | Scout Tower |
| 2:39 | Peasant |
| 2:39 | Peasant |
| 2:39 | Peasant |
| 2:52 | Scout Tower |
| 3:14 | Guard Tower |
| 3:17 | Peasant |
| 3:19 | Thunder Clap |
| 3:30 | Guard Tower |
| 3:32 | Scout Tower |
| 4:27 | Scout Tower |
| 4:28 | Guard Tower |
| 4:51 | Boots of Speed |
| 4:52 | Circlet of Nobility |
| 5:28 | Storm Bolt |
| 5:41 | Guard Tower |
| 5:43 | Scout Tower |
| 5:43 | Scout Tower |
| 5:46 | Town Hall |
| 6:02 | Arcane Vault |
| 6:04 | Keep |
| 6:22 | Guard Tower |
| 6:25 | Scout Tower |
| 6:25 | Scout Tower |
| 6:28 | Improved Masonry |
| 6:46 | Staff of Teleportation |
| 6:54 | Lesser Clarity Potion |
| Right click | 398 |
| Assign group | 240 |
| Select | 115 |
| Select group | 106 |
| Build/train/purchase | 95 |
| Chat | 40 |
| Use ability | 14 |
| Resource trade | 6 |
| Misc. action | 2 |
| Item give/drop | 1 |


| Potion of Healing | 1 | 150 |
| Boots of Speed | 1 | 250 |
| Staff of Teleportation | 1 | 150 |
| total: | 3 | 550g |
| Peasant | 14 | 1050 | / | 0 |
| total: | 14 | 1050g | / | 0w |
| Scout Tower | 16 | 480 | / | 320 |
| Arcane Tower | 1 | 70 | / | 50 |
| Guard Tower | 16 | 1120 | / | 800 |
| Altar of Kings | 1 | 180 | / | 50 |
| Farm | 4 | 320 | / | 80 |
| Lumber Mill | 1 | 120 | / | 0 |
| Arcane Vault | 1 | 130 | / | 30 |
| Keep | 1 | 320 | / | 210 |
| total: | 23 | 1230g | / | 480w |
| 0:01 | Peasant |
| 0:01 | Peasant |
| 0:08 | Altar of Kings |
| 0:17 | Farm |
| 0:24 | Peasant |
| 0:34 | Peasant |
| 0:49 | Lumber Mill |
| 0:52 | Scout Tower |
| 1:05 | Peasant |
| 1:06 | Peasant |
| 1:06 | Peasant |
| 1:18 | Arcane Tower |
| 1:21 | Scout Tower |
| 1:34 | Farm |
| 1:44 | Peasant |
| 1:51 | Peasant |
| 2:06 | Guard Tower |
| 2:08 | Blizzard |
| 2:24 | Peasant |
| 2:24 | Peasant |
| 2:31 | Scout Tower |
| 2:50 | Scout Tower |
| 2:51 | Peasant |
| 2:51 | Peasant |
| 3:15 | Arcane Vault |
| 3:16 | Guard Tower |
| 3:26 | Keep |
| 3:27 | Improved Masonry |
| 3:41 | Guard Tower |
| 3:44 | Scout Tower |
| 3:53 | Brilliance Aura |
| 4:04 | Farm |
| 4:05 | Farm |
| 4:18 | Boots of Speed |
| 4:18 | Staff of Teleportation |
| 4:26 | Guard Tower |
| 4:28 | Scout Tower |
| 4:30 | Scout Tower |
| 5:06 | Guard Tower |
| 5:23 | Guard Tower |
| 5:24 | Scout Tower |
| 5:52 | Peasant |
| 5:53 | Advanced Masonry |
| 5:54 | Guard Tower |
| 5:57 | Scout Tower |
| 5:58 | Scout Tower |
| 5:58 | Scout Tower |
| 5:59 | Scout Tower |
| 5:59 | Scout Tower |
| 6:00 | Scout Tower |
| 6:11 | Scout Tower |
| 6:12 | Scout Tower |
| 6:22 | Potion of Healing |
| 6:27 | Guard Tower |
| 6:35 | Guard Tower |
| 6:45 | Guard Tower |
| 6:47 | Storm Bolt |
| 6:57 | Guard Tower |
| 7:11 | Guard Tower |
| 7:12 | Guard Tower |
| Right click | 666 |
| Select | 164 |
| Build/train/purchase | 134 |
| Select group | 35 |
| Chat | 25 |
| Misc. action | 10 |
| Use ability | 10 |
| Assign group | 7 |
| Minimap ping | 3 |
| Item give/drop | 1 |
/ 0.3k
23 buildings @ 3.8k
/ 1.2k

| Acolyte | 2 | 150 | / | 0 |
| Ghoul | 2 | 240 | / | 0 |
| Crypt Fiend | 7 | 1505 | / | 280 |
| total: | 11 | 1895g | / | 280w |
| Altar of Darkness | 1 | 180 | / | 50 |
| Crypt | 1 | 200 | / | 50 |
| Ziggurat | 4 | 600 | / | 200 |
| Graveyard | 1 | 215 | / | 0 |
| Tomb of Relics | 1 | 130 | / | 30 |
| Halls of the Dead | 1 | 320 | / | 210 |
| total: | 8 | 1325g | / | 330w |
| 0:09 | Acolyte |
| 0:09 | Acolyte |
| 0:16 | Altar of Darkness |
| 0:19 | Crypt |
| 0:39 | Ziggurat |
| 0:53 | Graveyard |
| 1:13 | Ziggurat |
| 1:22 | Ghoul |
| 1:43 | Ghoul |
| 1:58 | Tomb of Relics |
| 2:16 | Crypt Fiend |
| 2:39 | Death Coil |
| 2:42 | Crypt Fiend |
| 2:48 | Ziggurat |
| 3:12 | Crypt Fiend |
| 3:43 | Crypt Fiend |
| 4:14 | Crypt Fiend |
| 4:20 | Halls of the Dead |
| 5:12 | Unholy Aura |
| 5:58 | Crypt Fiend |
| 5:58 | Crypt Fiend |
| 6:00 | Creature Carapace |
| 6:03 | Ziggurat |
| 6:35 | Creature Attack |
| Right click | 150 |
| Select | 63 |
| Build/train/purchase | 17 |
| Use ability | 3 |

| Peon | 10 | 750 | / | 0 |
| Grunt | 4 | 800 | / | 0 |
| Gnoll Warden | 1 | 215 | / | 20 |
| Gnoll Brute | 1 | 215 | / | 20 |
| total: | 16 | 1980g | / | 40w |
| Orc Burrow | 4 | 640 | / | 160 |
| Altar of Storms | 1 | 180 | / | 50 |
| Barracks | 1 | 180 | / | 50 |
| Beastiary | 1 | 145 | / | 140 |
| Tauren Totem | 1 | 135 | / | 155 |
| Stronghold | 1 | 315 | / | 190 |
| total: | 8 | 1280g | / | 555w |
| 0:03 | Peon |
| 0:03 | Peon |
| 0:03 | Peon |
| 0:03 | Peon |
| 0:06 | Orc Burrow |
| 0:11 | Altar of Storms |
| 0:24 | Peon |
| 0:52 | Peon |
| 0:55 | Peon |
| 1:02 | Orc Burrow |
| 1:10 | Peon |
| 1:35 | Barracks |
| 1:37 | Peon |
| 2:02 | Peon |
| 2:34 | Stronghold |
| 2:47 | Serpent Ward |
| 2:52 | Grunt |
| 3:10 | Gnoll Warden |
| 3:24 | Grunt |
| 3:44 | Grunt |
| 4:15 | Orc Burrow |
| 4:17 | Orc Burrow |
| 4:58 | Hex |
| 6:03 | Beastiary |
| 6:10 | Tauren Totem |
| 6:31 | Gnoll Brute |
| 6:40 | Grunt |
| Right click | 221 |
| Select | 125 |
| Build/train/purchase | 27 |
| Use ability | 9 |
| Resource trade | 4 |
| Chat | 4 |
| Assign group | 2 |
| Remove unit | 2 |
| Select group | 2 |
| Minimap ping | 2 |
| Item give/drop | 1 |

| Acolyte | 2 | 150 | / | 0 |
| Ghoul | 19 | 2280 | / | 0 |
| total: | 21 | 2430g | / | 0w |
| Ziggurat | 4 | 600 | / | 200 |
| Altar of Darkness | 1 | 180 | / | 50 |
| Crypt | 2 | 400 | / | 100 |
| Halls of the Dead | 1 | 320 | / | 210 |
| total: | 7 | 1180g | / | 350w |
| 0:03 | Acolyte |
| 0:03 | Acolyte |
| 0:04 | Ziggurat |
| 0:05 | Altar of Darkness |
| 0:50 | Crypt |
| 1:02 | Crypt |
| 1:31 | Ziggurat |
| 1:53 | Ghoul |
| 1:54 | Ghoul |
| 2:03 | Ghoul |
| 2:07 | Ghoul |
| 2:20 | Ghoul |
| 2:32 | Ghoul |
| 2:34 | Death Coil |
| 2:46 | Ghoul |
| 3:03 | Ghoul |
| 3:20 | Ghoul |
| 3:59 | Cannibalize |
| 4:01 | Ziggurat |
| 5:05 | Unholy Aura |
| 5:21 | Ghoul |
| 5:21 | Ghoul |
| 5:23 | Ghoul |
| 5:23 | Ghoul |
| 5:25 | Halls of the Dead |
| 5:26 | Ziggurat |
| 6:03 | Ghoul |
| 6:04 | Ghoul |
| 6:04 | Ghoul |
| 6:12 | Ghoul |
| 6:24 | Ghoul |
| 6:39 | Ghoul |
| Right click | 123 |
| Select | 75 |
| Build/train/purchase | 26 |
| Minimap ping | 11 |
| Assign group | 9 |
| Use ability | 5 |
| Select group | 2 |